 Dungeon Crawl Stone Soup version 0.20-a0-869-gcf33cab (webtiles) character file.

18 M4edhros the Sneak (level 2, -6/18 HPs)
             Began as an Octopode Artificer on Mar 13, 2017.
             Mangled by Vile's ghost (11 damage)
             ... on level 3 of the Dungeon.
             The game lasted 00:00:30 (511 turns).

M4edhros the Sneak (Octopode Artificer)              Turns: 511, Time: 00:00:31

Health: -6/18      AC:  1    Str: 11    XL:     2   Next: 70%
Magic:  4/4        EV: 13    Int: 13    God:
Gold:   15         SH:  0    Dex: 12    Spells: 1/1 levels left

rFire    . . .     SeeInvis .   a - +0 short sword
rCold    . . .     Gourm    .   (no shield)
rNeg     . . .     Faith    .   (helmet restricted)
rPois    .         Spirit   .   (no amulet)
rElec    .         Reflect  .   (no ring)
rCorr    .         Harm     .   (no ring)
MR       .....                  (no ring)
Stlth    +++.......             (no ring)
Regen    0.1/turn               (no ring)
MPRegen  0.1/turn               (no ring)
                                (no ring)
                                (no ring)

@: no status effects
A: almost no armour, stealthy swim, amphibious, 8 rings, constrict 8, camouflage
1, gelatinous body 1
a: no special abilities


You were on level 3 of the Dungeon.
You were not hungry.

You visited 1 branch of the dungeon, and saw 3 of its levels.

You collected 15 gold pieces.

Inventory:

Hand Weapons
 a - a +0 short sword (weapon)
Wands
 b - a wand of flame (3/48)
 c - a wand of enslavement (15/24)
 d - a wand of random effects (14/48)
Scrolls
 g - a scroll of fear {unknown}
 j - a scroll of teleportation {unknown}
 k - a scroll of identify {unknown}
Potions
 e - a potion of flight {unknown}
 h - a potion of brilliance {unknown}
Comestibles
 f - a bread ration
 i - a meat ration


   Skills:
 - Level 1.0 Fighting
 - Level 1.0 Short Blades
 - Level 2.0 Dodging
 + Level 3.8 Stealth
 - Level 3.2 Evocations


You had one spell level left.
You didn't know any spells.

Dungeon Overview and Level Annotations

Branches:
Dungeon (3/15)

Altars:

Annotations:
D:3 Vile's ghost, amateur MiFi


Innate Abilities, Weirdness & Mutations

You cannot wear most types of armour.
You are very stealthy in the water. (Stealth+)
You are amphibious.
You can wear up to eight rings at the same time.
You can use your tentacles to constrict eight enemies at once.
Your skin changes colour to match your surroundings (Stealth+).
Your rubbery body absorbs attacks. (AC +1, EV +1)


Message History

Press: ? - help, Shift-Dir - straight line, f/p - Vile's ghost
Aim: Vile's ghost (severely damaged)
The puff of flame misses Vile's ghost.
This wand has 5 charges left.
Vile's ghost misses you.
Evoke which item? (* to show all) (? for menu, Esc to quit)
Aiming: Throw Flame
Press: ? - help, Shift-Dir - straight line, f/p - Vile's ghost
Aim: Vile's ghost (severely damaged)
The puff of flame hits Vile's ghost.
Vile's ghost is severely damaged.
This wand has 4 charges left.
Vile's ghost closely misses you.
Evoke which item? (* to show all) (? for menu, Esc to quit)
Aiming: Throw Flame
Press: ? - help, Shift-Dir - straight line, f/p - Vile's ghost
Aim: Vile's ghost (severely damaged)
The puff of flame hits Vile's ghost.
Vile's ghost is almost destroyed.
This wand has 3 charges left.
Vile's ghost hits you!
Ouch! That really hurt!
You die...

#.# #.# #.# ###
#.# ).# #.# #.#
#.# #.# #.#
#######W#######.#
#.....@.........#
...#####.#########
#)# #[# #.. ###


You could see Vile's ghost.

Vanquished Creatures
  An adder (D:2)
  A leopard gecko (D:3)
  A bat (D:2)
  A goblin (D:2)
  A hobgoblin (D:3)
  2 kobolds (D:2)
  A rat (D:2)
8 creatures vanquished.

Notes
Turn   | Place    | Note
-------+----------+-------------------------------------------
     0 | D:1      | M4edhros the Octopode Artificer began the quest for the Orb.
     0 | D:1      | Reached XP level 1. HP: 13/13 MP: 3/3
   213 | D:2      | Reached XP level 2. HP: 11/18 MP: 4/4
   493 | D:3      | Noticed Vile's ghost (amateur MiFi)
   511 | D:3      | Mangled by Vile's ghost

Vault maps used:
D:1:      dpeg_arrival_pits
D:2:      first_bread, st_stairs_7, minmay_door_square
D:3:      uniq_jessica

Skill      XL: |  1 |
---------------+----+-----
Stealth        | 3 |  3.8
Fighting       | |  1.0
Short Blades   | |  1.0
Dodging        | |  2.0
Evocations     | |  3.2

Action                   || total
-------------------------++-------
Melee: Short sword       ||    16
       Tentacles         ||     3
       Constrict         ||     3
Evoke: Wand              ||    13
 Stab: Sleeping          ||     4
Armor: Skin              ||     4
Dodge: Dodged            ||    18
